[Event "Early-Titled-Tuesday-Blitz-January-16-2024"]
[Site "Chess.com"]
[Date "2024.01.16"]
[Round "10"]
[White "lasRojas"]
[Black "CrushingKings"]
[Result "0-1"]
[WhiteElo "2465"]
[BlackElo "2651"]
[TimeControl "180+1"]
[EndTime "9:55:15 PST"]
[Termination "CrushingKings won by checkmate"]

1. e4 g6 2. d4 Bg7 3. Nc3 c6 4.
Nf3 d5 5. e5 Bg4 6. h3 Bxf3 7.
Qxf3 f6 8. Bf4 fxe5 9. dxe5 Nd7 10. Qg3 Nf8 11. Be2 Ne6 12. Bg4 Nxf4 13. Qxf4 Qc7 14.
O-O-O Bh6 15. g3 Qxe5 16. Rhe1 Bxf4+ 17. Kb1 Qf6 18. gxf4 Qxf4 19. Re6 Nf6 20. Rde1 O-O 21. Rxe7 Rae8 22. Be6+ Kh8 23. Rxb7 Qd6 24. Rxa7 Rxe6 25. Ra6 Rxe1+ 26. Nd1 Rxd1# 0-1

[Event "Early-Titled-Tuesday-Blitz-January-16-2024"]
[Site "Chess.com"]
[Date "2024.01.16"]
[Round "10"]
[White "YurasovMat-2012"]
[Black "Arystanner"]
[Result "0-1"]
[WhiteElo "2611"]
[BlackElo "2811"]
[TimeControl "180+1"]
[EndTime "9:55:16 PST"]
[Termination "Arystanner won by resignation"]

1. e4 c5 2. Nf3 e6 3. g3 d5 4. exd5 exd5 5. Bg2 Nc6 6. O-O Nf6 7. d4 cxd4 8. Nxd4 Bc5 9. Nxc6 bxc6 10. c4 O-O 11. cxd5 cxd5 12. Nc3 Be6 13. Bg5 h6 14. Bxf6 Qxf6 15.
Nxd5 Qxb2 16. Qa4 Bxf2+ 17. Kh1 Rad8 18. Rab1 Qd4 19. Ne7+ Kh8 20. Qc2 Qc5 21. Qxf2 Qxe7 22. Rb7 Rd7 23. Rfb1 Rfd8 24. h3 a5 25. Kh2 a4 26.
Qc2 a3 27. Qe4 Rxb7 28. Rxb7 Qd6 29. Qe2 Qd2 0-1

[Event "Early-Titled-Tuesday-Blitz-January-16-2024"]
[Site "Chess.com"]
[Date "2024.01.16"]
[Round "10"]
[White "pooh2012"]
[Black "cristiano78"]
[Result "1-0"]
[WhiteElo "2524"]
[BlackElo "2228"]
[TimeControl "180+1"]
[EndTime "9:55:22 PST"]
[Termination "pooh2012 won by resignation"]

1. d4 Nf6 2. Nc3 g6 3. Bf4 d6 4.
e3 Bg7 5. h4 c6 6. Be2 h5 7. Nf3 b5 8. a3 O-O 9. O-O Bb7 10. e4 Nbd7 11. e5 dxe5 12. dxe5 Ng4 13.
e6 fxe6 14. Bg3 Nb6 15. Ng5 Bxc3 16. bxc3 Qxd1 17. Raxd1 Nd5 18. Nxe6 Nxc3 19. Bxg4 hxg4 20. Rd3 Rf6 21. Nc5 Nd5 22. Nxb7 a5 23. Nc5 b4 24. Be5 Rf5 25. Re1 bxa3 26. Rxa3 Raf8 27. Bd4 Nf4 28. Rxe7 Rd8 29. Rg7+ Kf8 30. Nd7+ Ke8 31. Re3+ 1-0

[Event "Early-Titled-Tuesday-Blitz-January-16-2024"]
[Site "Chess.com"]
[Date "2024.01.16"]
[Round "10"]
[White "queen_iryna"]
[Black "deepfear"]
[Result "1-0"]
[WhiteElo "2302"]
[BlackElo "1927"]
[TimeControl "180+1"]
[EndTime "9:55:23 PST"]
[Termination "queen_iryna won on time"]

1. e4 c5 2. Nf3 g6 3. c3 d5 4. exd5 Qxd5 5. d4 Nc6 6. Na3 e6 7. Nb5 Qd8 8. Bf4 e5 9. Nxe5 Qe7 10. Be2 Bh6 11. Nxc6 bxc6 12. Nc7+ Kf8 13. Bxh6+ Nxh6 14. Nxa8 Bb7 15. O-O Bxa8 16. Re1 Qg5 17. Bf3 Nf5 18.
dxc5 Nh4 19. Qd6+ Kg7 20. Qe5+ Qxe5 21. Rxe5 Bb7 22. Rd1 Ba6 23. Re7 Nxf3+ 24. gxf3 1-0

[Event "Early-Titled-Tuesday-Blitz-January-16-2024"]
[Site "Chess.com"]
[Date "2024.01.16"]
[Round "10"]
[White "Schachmalanders"]
[Black "profedechess93"]
[Result "1/2-1/2"]
[WhiteElo "2483"]
[BlackElo "2635"]
[TimeControl "180+1"]
[EndTime "9:55:26 PST"]
[Termination "Game drawn by repetition"]

1. e4 e6 2. d4 d5 3. exd5 exd5 4. Nf3 Bg4 5. Bd3 Nc6 6. c3 Bd6 7. O-O Nge7 8. Nbd2 Qd7 9. Re1 f6 10. b4 Bh5 11. a4 Bg6 12. Qc2 O-O 13. a5 a6 14. Nf1 Na7 15. Ng3 Nb5 16. Bxg6 hxg6 17. Nh4 Qg4 18. Nf3 Rfe8 19. Bd2 c6 20. Qd3 Bxg3 21.
hxg3 Nd6 22. Nh2 Qf5 23. Qxf5 Nexf5 24. g4 Nh6 25. Rxe8+ Rxe8 26. Re1 Rxe1+ 27. Bxe1 Nhf7 28. f3 Nd8 29. Nf1 Ne6 30. g3 Nc7 31. Kf2 Ncb5 32. Ke3 Nc4+ 33. Kd3 Kf7 34. Ne3 Nbd6 35. Ng2 Nb2+ 36.
Kc2 Nbc4 37. Kd3 Nb2+ 38. Kc2 Nbc4 39. Kd3 1/2-1/2

[Event "Early-Titled-Tuesday-Blitz-January-16-2024"]
[Site "Chess.com"]
[Date "2024.01.16"]
[Round "10"]
[White "ContrVersia"]
[Black "crescentmoon2411"]
[Result "1-0"]
[WhiteElo "2853"]
[BlackElo "2942"]
[TimeControl "180+1"]
[EndTime "9:55:28 PST"]
[Termination "ContrVersia won by resignation"]

1. d4 Nf6 2. c4 e6 3. Nf3 d5 4. g3 dxc4 5. Bg2 Bb4+ 6. Bd2 a5 7.
Qc2 c5 8. dxc5 Qd5 9. O-O Nc6 10. a3 Bxc5 11. Nc3 Qh5 12. Bg5 O-O 13. Bxf6 gxf6 14.
Ne4 Be7 15. Qxc4 Rd8 16. Rfd1 Bd7 17. Nd6 Bxd6 18. Rxd6 Be8 19. Rad1 Rxd6 20. Rxd6 Rc8 21. Rxe6 Ne7 22. Qxc8 Nxc8 23. Rxe8+ Kg7 24. Rxc8 Qf5 25. Rc1 Qb5 26. Rc2 Qd5 27. Rd2 1-0

[Event "Early-Titled-Tuesday-Blitz-January-16-2024"]
[Site "Chess.com"]
[Date "2024.01.16"]
[Round "10"]
[White "deribas12345"]
[Black "yonaltimur"]
[Result "0-1"]
[WhiteElo "2477"]
[BlackElo "2335"]
[TimeControl "180+1"]
[EndTime "9:55:29 PST"]
[Termination "yonaltimur won by resignation"]

1. d4 d5 2. c4 e6 3. Nc3 a6 4. e4 dxc4 5. Bxc4 b5 6. Bb3 Bb7 7.
a3 Nf6 8. e5 Bxg2 9. exf6 Bxh1 10. fxg7 Bxg7 11. Be3 Nc6 12. Qg4 Bxd4 13. Bxe6 fxe6 14.
Qh5+ Ke7 15. Rd1 Qd6 16. Nge2 e5 17. f3 Raf8 18. Ne4 Qg6 19. Qh4+ Ke8 20. Nxd4 exd4 21. Bxd4 Nxd4 22. Rxd4 Qg1+ 23. Ke2 0-1

[Event "Early-Titled-Tuesday-Blitz-January-16-2024"]
[Site "Chess.com"]
[Date "2024.01.16"]
[Round "10"]
[White "RojonR"]
[Black "DDTerziev04"]
[Result "0-1"]
[WhiteElo "2532"]
[BlackElo "2176"]
[TimeControl "180+1"]
[EndTime "9:55:31 PST"]
[Termination "DDTerziev04 won by checkmate"]

1. e4 d6 2. d4 g6 3. Nc3 Bg7 4. Be3 Nf6 5. f3 O-O 6. Bd3 c6 7. Nge2 Nbd7 8. h4 e5 9. Qd2 Qc7 10. g4 h5 11. gxh5 Nxh5 12. O-O-O b5 13. d5 b4 14. Nb1 c5 15. b3 a5 16. Bb5 Ba6 17. Bxa6 Rxa6 18. Rdg1 a4 19. Bh6 axb3 20. axb3 Ra1 21.
Bxg7 Kxg7 22. Kb2 Qa5 23. Rxg6+ fxg6 24. Qg5 Qa2+ 25. Kc1 Qxb1+ 26. Kd2 Qxh1 27. Qe7+ Rf7 28. Qxd6 Rd1+ 29. Ke3 Qxf3# 0-1

[Event "Early-Titled-Tuesday-Blitz-January-16-2024"]
[Site "Chess.com"]
[Date "2024.01.16"]
[Round "10"]
[White "Sanyura"]
[Black "vasblesk"]
[Result "1-0"]
[WhiteElo "2636"]
[BlackElo "2768"]
[TimeControl "180+1"]
[EndTime "9:55:32 PST"]
[Termination "Sanyura won by resignation"]

1. Nf3 Nf6 2. g3 d5 3. Bg2 Bf5 4. d3 e6 5. O-O h6 6. Nbd2 Be7 7.
b3 O-O 8. Bb2 c6 9. Ne5 Nbd7 10.
e4 Bh7 11. Nxd7 Nxd7 12. Qe2 a5 13. a3 a4 14. b4 Bf6 15. e5 Be7 16. f4 c5 17.
bxc5 Bxc5+ 18. Kh1 Qb6 19. Rab1 Qc6 20. g4 Be7 21. f5 Rfe8 22. f6 Bf8 23. g5 hxg5 24. Nf3 gxf6 25. exf6 Bg6 26. Ne5 Nxe5 27. Bxe5 Rac8 28.
c3 Qa6 29. Rbd1 Bxa3 30. Qe3 Bf8 31. Qxg5 Kh7 32. Rf3 Bf5 33. Qh5+ Kg8 34. Rg3+ Bg6 35. Rxg6+ fxg6 36. Qxg6+ 1-0

[Event "Early-Titled-Tuesday-Blitz-January-16-2024"]
[Site "Chess.com"]
[Date "2024.01.16"]
[Round "10"]
[White "GrumbleBruno"]
[Black "Doublekk14"]
[Result "1/2-1/2"]
[WhiteElo "2484"]
[BlackElo "2293"]
[TimeControl "180+1"]
[EndTime "9:55:40 PST"]
[Termination "Game drawn by agreement"]

1. e4 c5 2. c3 d5 3. exd5 Qxd5 4. d4 Nf6 5. Nf3 cxd4 6. cxd4 e6 7. Nc3 Bb4 8. Bd3 Nc6 9. O-O Qh5 10. Ne4 Nxe4 11. Bxe4 O-O 12. Ne5 Qxd1 13. Rxd1 Ne7 14. Bd2 Bd6 15. Nc4 Bc7 16. Bb4 Re8 17. Rac1 Nd5 18. Bxd5 exd5 19. Nd6 Bxd6 20. Bxd6 Bg4 21. Re1 Rxe1+ 22.
Rxe1 Be6 23. Rc1 Rc8 24. Rxc8+ Bxc8 25. Bb8 a6 26. Bd6 f6 27. f3 Kf7 28. Kf2 Ke6 29.
Bc5 Bd7 30. Ke3 g6 31. g3 1/2-1/2

[Event "Early-Titled-Tuesday-Blitz-January-16-2024"]
[Site "Chess.com"]
[Date "2024.01.16"]
[Round "10"]
[White "Millerkallpa"]
[Black "DvaHrasta"]
[Result "0-1"]
[WhiteElo "2167"]
[BlackElo "2447"]
[TimeControl "180+1"]
[EndTime "9:55:41 PST"]
[Termination "DvaHrasta won by checkmate"]

1. e4 c6 2. d4 d5 3. Nc3 dxe4 4.
Nxe4 Nf6 5. Ng3 h5 6. Nf3 h4 7.
Ne2 h3 8. gxh3 Bxh3 9. Bxh3 Rxh3 10. Nf4 Rh8 11. Be3 Qa5+ 12. Qd2 Qa6 13. Qe2 Qa4 14. a3 Nbd7 15. O-O-O e6 16. Ne5 Nxe5 17. dxe5 Nd5 18.
Nxd5 cxd5 19. Qf3 Rc8 20. Rd2 Rh4 21. Rhd1 Bxa3 22. bxa3 Qxa3+ 23. Kb1 Rb4# 0-1

[Event "Early-Titled-Tuesday-Blitz-January-16-2024"]
[Site "Chess.com"]
[Date "2024.01.16"]
[Round "10"]
[White "elchacal664"]
[Black "ATM622"]
[Result "0-1"]
[WhiteElo "2362"]
[BlackElo "2481"]
[TimeControl "180+1"]
[EndTime "9:55:41 PST"]
[Termination "ATM622 won by resignation"]

1. d4 Nf6 2. Nf3 e6 3. Bf4 d5 4. e3 Bd6 5. Bg3 O-O 6. Bd3 c5 7. c3 b6 8. Nbd2 Bb7 9. O-O Ne4 10.
Bc2 f5 11. Re1 Nc6 12. Nf1 Rc8 13. a4 g5 14. Bxd6 Nxd6 15. Ng3 g4 16. Nd2 Qg5 17. Qe2 h5 18. f3 h4 19. Ngf1 Rce8 20. e4 cxd4 0-1

[Event "Early-Titled-Tuesday-Blitz-January-16-2024"]
[Site "Chess.com"]
[Date "2024.01.16"]
[Round "10"]
[White "Let_it_be_1"]
[Black "SarochaChuemsakul"]
[Result "1-0"]
[WhiteElo "2612"]
[BlackElo "2452"]
[TimeControl "180+1"]
[EndTime "9:55:42 PST"]
[Termination "Let_it_be_1 won by resignation"]

1. e4 c5 2. Nf3 d6 3. d4 cxd4 4.
Nxd4 Nf6 5. Nc3 a6 6. Be2 e5 7. Nb3 Be6 8. f4 Qc7 9. O-O Be7 10. f5 Bc4 11. Kh1 Nbd7 12. a4 h6 13.
Rg1 Rc8 14. a5 Bxe2 15. Qxe2 Qc4 16. Qf3 Nc5 17. Nxc5 Qxc5 18. Ra4 Qc6 19. Be3 g5 20. fxg6 fxg6 21. Rf1 g5 22. Qf5 Qd7 23. Qg6+ Kd8 24. Bb6+ 1-0

[Event "Early-Titled-Tuesday-Blitz-January-16-2024"]
[Site "Chess.com"]
[Date "2024.01.16"]
[Round "10"]
[White "MokshAD1603"]
[Black "SergioMoralesG"]
[Result "0-1"]
[WhiteElo "2583"]
[BlackElo "2458"]
[TimeControl "180+1"]
[EndTime "9:55:44 PST"]
[Termination "SergioMoralesG won by resignation"]

1. d4 d5 2. c4 c6 3. Nf3 Nf6 4. Nc3 e6 5. cxd5 exd5 6. Bf4 Bf5 7.
e3 Nbd7 8. Nh4 Be6 9. Bd3 h6 10. Nf5 Nb6 11. O-O Qd7 12. Ng3 Bd6 13. Be5 Bxe5 14.
dxe5 Ng4 15. f4 Nxe3 16. Qf3 Nxf1 17. Rxf1 Nc4 18. Nh5 Bg4 19. Nxg7+ Kf8 20. Qg3 Kxg7 21. h3 h5 22. f5 Qc7 23. Bxc4 dxc4 24. hxg4 h4 25.
Qf4 Rae8 26. Re1 h3 27. Qg5+ Kf8 28. Qf6 Kg8 29. Ne4 Qb6+ 30. Kh2 hxg2+ 31. Kxg2 Qxb2+ 32. Kg3 Qh2+ 33. Kf3 Rh3+ 34. Ng3 Qxg3+ 35. Ke4 Qxe1+ 36. Kd4 Qxe5+ 37. Qxe5 Rxe5 0-1

[Event "Early-Titled-Tuesday-Blitz-January-16-2024"]
[Site "Chess.com"]
[Date "2024.01.16"]
[Round "10"]
[White "missponyo10"]
[Black "sucof4reve"]
[Result "0-1"]
[WhiteElo "2246"]
[BlackElo "2127"]
[TimeControl "180+1"]
[EndTime "9:55:54 PST"]
[Termination "sucof4reve won by checkmate"]

1. e4 c5 2. Nf3 g6 3. d3 Bg7 4.
Nbd2 Nc6 5. g3 d6 6. Bg2 Nf6 7. O-O O-O 8. Re1 e5 9. Nf1 b5 10. Bd2 a5 11. Qc1 a4 12. Bh6 Nd4 13. c3 Ne6 14. h4 Ng4 15. Bxg7 Kxg7 16. Bh3 f5 17. Bxg4 fxg4 18. N3h2 h5 19. Ne3 Qf6 20. Qd2 Bb7 21. Rf1 Bc6 22. f3 gxf3 23. Rxf3 Qe7 24. Raf1 Rxf3 25.
Rxf3 Rf8 26. Qf2 Rxf3 27. Nxf3 Qf6 28. Kg2 c4 29. dxc4 Bxe4 30. cxb5 Nc5 31. Qe2 Nd3 32. Nc2 d5 33. b3 axb3 34. axb3 Qf5 35. b6 Qg4 36. b7 Nf4+ 37. Kh2 Nxe2 38. b8=Q Qxg3+ 39. Kh1 Bxf3# 0-1

[Event "Early-Titled-Tuesday-Blitz-January-16-2024"]
[Site "Chess.com"]
[Date "2024.01.16"]
[Round "10"]
[White "Msb2"]
[Black "JSPrepz"]
[Result "1-0"]
[WhiteElo "3049"]
[BlackElo "2871"]
[TimeControl "180+1"]
[EndTime "9:55:58 PST"]
[Termination "Msb2 won by resignation"]

1. d4 Nf6 2. c4 c5 3. d5 b5 4. cxb5 a6 5. bxa6 g6 6. Nc3 Bxa6 7. e4 Bxf1 8. Kxf1 d6 9. g3 Bg7 10. Kg2 O-O 11. Nf3 Nbd7 12. a4 Ra6 13. Qc2 Qa8 14. Ra3 Rc8 15. Re1 c4 16. Be3 Ng4 17. Bd4 Nge5 18.
Nxe5 Nxe5 19. Rd1 Qb7 20. Nb5 f5 21. Bxe5 Bxe5 22. exf5 gxf5 23. Qxf5 Bxb2 24. Rf3 Be5 25. Nd4 Kh8 26. Ne6 Raa8 27. Ng5 e6 28. Nf7+ Kg8 29. dxe6 Qe7 30. Nxe5 1-0

[Event "Early-Titled-Tuesday-Blitz-January-16-2024"]
[Site "Chess.com"]
[Date "2024.01.16"]
[Round "10"]
[White "Iskusnyh"]
[Black "scarabee43"]
[Result "0-1"]
[WhiteElo "2651"]
[BlackElo "2823"]
[TimeControl "180+1"]
[EndTime "9:55:58 PST"]
[Termination "scarabee43 won by resignation"]

1. d4 Nf6 2. c4 e6 3. g3 d5 4. Bg2 Be7 5. Nf3 O-O 6. O-O Nbd7 7. Qc2 b6 8. cxd5 exd5 9. Bf4 c5 10. Nc3 Bb7 11. Rad1 Rc8 12. Qf5 g6 13. Qh3 Re8 14. Ne5 cxd4 15. Rxd4 Bc5 16. Nf3 Bxd4 17. Nxd4 Ne4 18.
Nxe4 dxe4 19. Nb5 Ne5 20. Nc3 Rc4 21. Rd1 Rd4 22. Rc1 Qd7 23. Qh4 e3 24. fxe3 Rd2 25. e4 Rxb2 26. Nd5 Bxd5 27. exd5 Rxe2 28. h3 Rxg2+ 29.
Kxg2 Qxd5+ 30. Kf1 Qh1+ 31. Ke2 Qf3+ 32. Kd2 Qd3+ 0-1

[Event "Early-Titled-Tuesday-Blitz-January-16-2024"]
[Site "Chess.com"]
[Date "2024.01.16"]
[Round "10"]
[White "Kildepiotr"]
[Black "TrahtarBelarus"]
[Result "0-1"]
[WhiteElo "2658"]
[BlackElo "2883"]
[TimeControl "180+1"]
[EndTime "9:56:01 PST"]
[Termination "TrahtarBelarus won by resignation"]

1. Nf3 c5 2. e4 d6 3. Bb5+ Bd7 4. Bxd7+ Nxd7 5. c4 Ngf6 6. Nc3 e6 7. O-O a6 8. b3 Ne5 9. Bb2 Be7 10. d3 O-O 11.
Nb1 Nfd7 12. Nxe5 Nxe5 13. f4 Nc6 14. Nd2 Bf6 15. Bxf6 Qxf6 16. Nf3 b5 17. Qd2 Rad8 18. Rfd1 d5 19. cxd5 exd5 20. e5 Qf5 21. Rac1 c4 22. g3 f6 23. Re1 Rfe8 24. dxc4 dxc4 25. Qc2 Qxc2 26. Rxc2 Nb4 27. Rce2 c3 28. a3 Nd3 29. Ra1 fxe5 30. Nxe5 Nc5 31. b4 Nb3 32. Rb1 Rd2 33.
Rxb3 c2 34. Rc3 Rxe2 0-1

[Event "Early-Titled-Tuesday-Blitz-January-16-2024"]
[Site "Chess.com"]
[Date "2024.01.16"]
[Round "10"]
[White "DanilNajdin"]
[Black "temiksmozg"]
[Result "0-1"]
[WhiteElo "2486"]
[BlackElo "2613"]
[TimeControl "180+1"]
[EndTime "9:56:05 PST"]
[Termination "temiksmozg won by resignation"]

1. d4 d5 2. c4 e6 3. Nc3 Nf6 4. cxd5 exd5 5. Bg5 Be7 6. e3 h6 7. Bh4 Bg4 8. Qb3 Nbd7 9. Bxf6 Nxf6 10. Qxb7 Rb8 11. Bb5+ Kf8 12. Qa6 Bb4 13. Ne2 Bxe2 14.
Kxe2 Bxc3 15. bxc3 Ne4 16. Rac1 g5 17. a4 Kg7 18. f3 Nd6 19. Rc2 Qe7 20. Kf2 g4 21.
Re2 Rhg8 22. e4 gxf3 23. gxf3 dxe4 24. fxe4 Rb6 25. Qxa7 Nxe4+ 26. Rxe4 Qxe4 27. Rg1+ Kh8 28. Rxg8+ Kxg8 29. Qxc7 Rf6+ 30. Kg3 Qf3+ 0-1

[Event "Early-Titled-Tuesday-Blitz-January-16-2024"]
[Site "Chess.com"]
[Date "2024.01.16"]
[Round "10"]
[White "tigurones"]
[Black "Balla_Tamas"]
[Result "0-1"]
[WhiteElo "2350"]
[BlackElo "2458"]
[TimeControl "180+1"]
[EndTime "9:56:13 PST"]
[Termination "Balla_Tamas won by checkmate"]

1. d4 d5 2. Nf3 Nf6 3. c4 e6 4. e3 c5 5. cxd5 exd5 6. Bb5+ Nc6 7. O-O Bd6 8. dxc5 Bxc5 9. b3 O-O 10. Bb2 Bg4 11. Be2 Re8 12. Qc2 Bb6 13. Rd1 Qe7 14. Nbd2 d4 15. e4 Rad8 16. a3 Ne5 17. Nxe5 Bxe2 18.
Re1 d3 19. Qb1 Bxf2+ 20. Kxf2 Qc5+ 21. Kg3 Rxe5 22. h4 Qe3+ 23. Kh2 Rh5 24. Bxf6 gxf6 25. g3 Qxd2 26. Ra2 Qe3 27. Qa1 Qf2+ 28. Kh3 f5 29.
Qf6 Bg4# 0-1

[Event "Early-Titled-Tuesday-Blitz-January-16-2024"]
[Site "Chess.com"]
[Date "2024.01.16"]
[Round "10"]
[White "chenxiaoyuer"]
[Black "bancsoo"]
[Result "1-0"]
[WhiteElo "2768"]
[BlackElo "2919"]
[TimeControl "180+1"]
[EndTime "9:56:14 PST"]
[Termination "chenxiaoyuer won by resignation"]

1. e4 e5 2. Nf3 d6 3. d4 exd4 4. Nxd4 Nf6 5. Nc3 Be7 6. g3 O-O 7. Bg2 Re8 8. O-O Bf8 9. b3 c6 10. Bb2 a5 11. Qd2 a4 12. Rad1 Nbd7 13. Nf5 axb3 14. axb3 Ne5 15. Nxd6 Bxd6 16. Qxd6 Qxd6 17. Rxd6 h5 18. h3 Ng6 19. f4 h4 20. g4 Ra5 21.
e5 Nh7 22. Na4 Nhf8 23. Bc1 Ra6 24. Rfd1 Ra8 25. Rd8 Rxd8 26. Rxd8 Ne7 27. Ba3 1-0

[Event "Early-Titled-Tuesday-Blitz-January-16-2024"]
[Site "Chess.com"]
[Date "2024.01.16"]
[Round "10"]
[White "NovozhilovSemen"]
[Black "marina1994"]
[Result "1-0"]
[WhiteElo "2666"]
[BlackElo "2524"]
[TimeControl "180+1"]
[EndTime "9:56:20 PST"]
[Termination "NovozhilovSemen won by resignation"]

1. d4 Nf6 2. Nf3 e6 3. e3 b6 4.
Bd3 Bb7 5. O-O d5 6. b3 Bd6 7. Bb2 Nbd7 8. Ne5 O-O 9. Nd2 c5 10. f4 Ne4 11. Bb5 Ndf6 12. Ndf3 Rc8 13. Qe2 Qc7 14.
Rac1 c4 15. bxc4 a6 16. c5 bxc5 17. Bxa6 c4 18. Bxb7 Qxb7 19. Rb1 Qa6 20. a3 Qa5 21. g4 Rb8 22. g5 Nh5 23. Nc6 Qa8 24. Nxb8 Rxb8 25. Ne5 g6 26. Ba1 Rc8 27. a4 Qxa4 28.
Rb7 Qa6 29. Rxf7 Ng7 30. Qg4 Nd2 31. Rxg7+ Kxg7 32. Qxe6 Rf8 33. Rd1 Ne4 34. Qxd5 Qa8 35. Qxa8 Rxa8 36. Nxc4 1-0

[Event "Early-Titled-Tuesday-Blitz-January-16-2024"]
[Site "Chess.com"]
[Date "2024.01.16"]
[Round "10"]
[White "Bushonica"]
[Black "Darkbluelord"]
[Result "0-1"]
[WhiteElo "1816"]
[BlackElo "2170"]
[TimeControl "180+1"]
[EndTime "9:56:24 PST"]
[Termination "Darkbluelord won by resignation"]

1. e4 c5 2. Nf3 d6 3. d4 cxd4 4. Nxd4 Nf6 5. Nc3 g6 6. Be3 Bg7 7. Be2 O-O 8. O-O Nc6 9. Nb3 a6 10. a4 Be6 11. Nd4 Bd7 12. Kh1 Rc8 13. f4 Ng4 14. Bxg4 Bxd4 15. Bxd4 Bxg4 16. Qxg4 Nxd4 17. f5 Nxc2 18. fxg6 hxg6 19. Nd5 Nxa1 20. Rxa1 e6 21. Nf4 Qf6 22. Nh5 Qxb2 23. Rg1 Rc1 24. Nf6+ Kg7 25. Nh5+ Kh8 26. Ng3 Rxg1+ 27. Kxg1 Qc1+ 28. Nf1 Kg7 29. Qf3 Rc8 30. e5 dxe5 31. Qxb7 Qc5+ 32. Kh1 Qf2 0-1

[Event "Early-Titled-Tuesday-Blitz-January-16-2024"]
[Site "Chess.com"]
[Date "2024.01.16"]
[Round "10"]
[White "tteshan"]
[Black "Legendinunknown"]
[Result "0-1"]
[WhiteElo "2608"]
[BlackElo "2819"]
[TimeControl "180+1"]
[EndTime "9:56:28 PST"]
[Termination "Legendinunknown won by resignation"]

1. e4 e5 2. Nf3 Nc6 3. Bb5 a6 4. Ba4 d6 5. O-O Bg4 6. h3 h5 7.
Bxc6+ bxc6 8. c4 Qf6 9. Nc3 Ne7 10. d3 Bxf3 11. Qxf3 Qxf3 12. gxf3 g5 13. Ne2 f6 14. Rd1 Ng6 15. Kf1 c5 16. b3 Nh4 17. Ng1 Be7 18. Be3 O-O 19. Bd2 Rf7 20. Ba5 c6 21.
Ke2 Raf8 22. Rf1 f5 23. Be1 Kh7 24. a3 Ng6 25. Bd2 g4 26. exf5 gxf3+ 27. Nxf3 Rxf5 28. Ng1 d5 29. Rac1 Bh4 30. f3 d4 31. b4 cxb4 32. axb4 Bg5 33. Ra1 Bf4 34. Rxa6 Rg5 35. Be1 Be3 36. Bf2 Nf4+ 37. Kd1 Bxf2 0-1

[Event "Early-Titled-Tuesday-Blitz-January-16-2024"]
[Site "Chess.com"]
[Date "2024.01.16"]
[Round "10"]
[White "Gabrielian_Artur"]
[Black "HajiyevKanan"]
[Result "1-0"]
[WhiteElo "2786"]
[BlackElo "2569"]
[TimeControl "180+1"]
[EndTime "9:56:32 PST"]
[Termination "Gabrielian_Artur won by resignation"]

1. d4 d5 2. c4 c6 3. Nf3 Nf6 4. Nbd2 a6 5. e3 Bf5 6. Be2 e6 7. O-O Bd6 8. Qb3 b5 9. cxd5 cxd5 10. a4 b4 11. Nh4 Bg4 12. Bd3 O-O 13. Nhf3 Nc6 14.
h3 Bh5 15. Re1 Bg6 16. Bxg6 hxg6 17. Qd3 Na5 18. b3 Qb6 19. Bb2 Rfc8 20. Rac1 Ne4 21. Rc2 Rxc2 22. Qxc2 Nxd2 23. Nxd2 Qc7 24. Qd3 Qb6 25.
Rc1 Rd8 26. Qc2 Rb8 27. g3 Rd8 28. Kg2 Rb8 29. h4 Rd8 30. Rh1 Qc7 31. Qd3 Qb6 32. h5 gxh5 33. Rxh5 g6 34. Rh1 Rc8 35. e4 dxe4 36.
Nxe4 Kg7 37. Qe3 Rh8 38. d5+ 1-0

[Event "Early-Titled-Tuesday-Blitz-January-16-2024"]
[Site "Chess.com"]
[Date "2024.01.16"]
[Round "10"]
[White "PapaieDudu"]
[Black "ScofieldMichael01"]
[Result "0-1"]
[WhiteElo "2400"]
[BlackElo "2582"]
[TimeControl "180+1"]
[EndTime "9:56:32 PST"]
[Termination "ScofieldMichael01 won by resignation"]

1. d4 Nf6 2. c4 c5 3. dxc5 Na6 4.
Nc3 Nxc5 5. g3 g6 6. Bg2 Bg7 7. Nh3 O-O 8. O-O d6 9. Qc2 Be6 10. b3 a6 11. Ba3 Qa5 12. Bb2 b5 13. Bxa8 Rxa8 14. Ng5 Bf5 15. e4 Nfxe4 16. Ncxe4 Bxb2 17. Qxb2 Nxe4 18. Nxe4 Bxe4 19. Qe2 Bf5 20. Qxe7 bxc4 21. Qxd6 c3 22. b4 Qa3 23. Qd5 Rb8 24. Rfe1 Qxb4 25. a3 Qb2 26. Ra2 Qb6 27. Re7 Be6 28.
Rxe6 Qxe6 29. Qxe6 fxe6 30. Kf1 Rb1+ 0-1

[Event "Early-Titled-Tuesday-Blitz-January-16-2024"]
[Site "Chess.com"]
[Date "2024.01.16"]
[Round "10"]
[White "MasterofMasters2006"]
[Black "Jojo_898"]
[Result "0-1"]
[WhiteElo "2254"]
[BlackElo "2459"]
[TimeControl "180+1"]
[EndTime "9:56:34 PST"]
[Termination "Jojo_898 won by resignation"]

1. d4 Nf6 2. c4 b6 3. Nf3 Bb7 4.
g3 e6 5. Bg2 Be7 6. Nc3 d5 7.
O-O O-O 8. Ne5 Nbd7 9. Qc2 c5 10.
Nxd7 Qxd7 11. dxc5 bxc5 12. Rd1 d4 13. Bxb7 Qxb7 14. Nb1 e5 15. Bg5 Rab8 16. b3 e4 17. Nd2 Rfe8 18. e3 h6 19. Bf4 Rbd8 20. h4 d3 21. Qc3 Ng4 22. h5 Bf6 23. Qa5 Bxa1 24. Rxa1 Rc8 25. Rd1 Qd7 26. Qc3 Qf5 27. f3 exf3 28.
Nxf3 Rcd8 29. Qd2 Qxh5 30. Kg2 Qf5 31. Bc7 Nxe3+ 0-1

[Event "Early-Titled-Tuesday-Blitz-January-16-2024"]
[Site "Chess.com"]
[Date "2024.01.16"]
[Round "10"]
[White "FranciscodelaF"]
[Black "LangesNasenhaar"]
[Result "0-1"]
[WhiteElo "2247"]
[BlackElo "2411"]
[TimeControl "180+1"]
[EndTime "9:56:36 PST"]
[Termination "LangesNasenhaar won on time"]

1. d4 g6 2. Nf3 Bg7 3. Bf4 d6 4. e3 Nd7 5. Nbd2 e5 6. Bg3 Nh6 7. c3 Nf5 8. Bd3 Nxg3 9. hxg3 exd4 10. cxd4 O-O 11. O-O c5 12. Qc2 b6 13. Rad1 Qe7 14.
Rfe1 Bb7 15. Bb5 Rfd8 16. Qb3 d5 17. Rc1 c4 18. Qd1 a6 19. Ba4 b5 20. Bc2 f5 21.
Bb1 b4 22. Nf1 a5 23. Qe2 a4 24.
Qd1 Bc6 25. Qe2 Bb5 26. Qd1 a3 27. b3 cxb3 28. Qxb3 Bc4 0-1

[Event "Early-Titled-Tuesday-Blitz-January-16-2024"]
[Site "Chess.com"]
[Date "2024.01.16"]
[Round "10"]
[White "vanyakuba"]
[Black "Actuary44"]
[Result "0-1"]
[WhiteElo "2324"]
[BlackElo "2498"]
[TimeControl "180+1"]
[EndTime "9:56:39 PST"]
[Termination "Actuary44 won by resignation"]

1. e4 b6 2. d4 Bb7 3. Bd3 e6 4. Qe2 Nf6 5. Nf3 d5 6. e5 Nfd7 7. c3 c5 8. a3 Nc6 9. b4 c4 10. Bc2 Qc7 11. h4 h6 12. h5 O-O-O 13. Bf4 f5 14.
Nh4 Be7 15. Ng6 Rhg8 16. g4 Nf8 17. gxf5 exf5 18. Bxf5+ Kb8 19. e6 Bd6 20. e7 Nxe7 21.
Bxd6 Qxd6 22. Qxe7 Qxe7+ 23. Nxe7 Re8 24. Nd2 Rxe7+ 25. Kf1 Bc8 26. Bxc8 Kxc8 27. Rg1 Ne6 28. Re1 Rge8 29. Nf3 Nf4 30. Rxe7 Rxe7 31. Ne5 Nxh5 32. Rg6 Nf6 33. Nc6 Rc7 34. b5 a6 35. a4 axb5 36. axb5 Ne4 37. Re6 Nxc3 38. Re8+ Kd7 39. Re7+ Kd6 40. Re8 Nxb5 41. Ne5 Nxd4 0-1

[Event "Early-Titled-Tuesday-Blitz-January-16-2024"]
[Site "Chess.com"]
[Date "2024.01.16"]
[Round "10"]
[White "BogdanDeac"]
[Black "WhiteKnight2612"]
[Result "1-0"]
[WhiteElo "3020"]
[BlackElo "2866"]
[TimeControl "180+1"]
[EndTime "9:56:46 PST"]
[Termination "BogdanDeac won by resignation"]

1. d4 Nf6 2. Bf4 d5 3. e3 Bf5 4. c4 c6 5. Nc3 e6 6. Qb3 Qb6 7. c5 Qxb3 8. axb3 Nbd7 9. b4 Nh5 10. Bg3 f6 11. b5 Be7 12. bxc6 bxc6 13. Bc7 Bd8 14. Bxd8 Kxd8 15. Be2 Bg6 16. g4 e5 17. gxh5 Bf7 18. h6 g5 19. b4 Kc7 20. b5 Rhb8 21.
h4 Re8 22. bxc6 Kxc6 23. hxg5 exd4 24. exd4 a5 25. Nf3 Rab8 26. Rxa5 Rb2 27. Kd1 Bg6 28. Bb5+ Kc7 29. Re1 Rxe1+ 30. Kxe1 Rb3 31. Nxd5+ Kb8 32.
Bxd7 1-0